 Dungeon Crawl Stone Soup version 0.30-a0-862-g1aabd4f9c5 (webtiles) character file.

Game seed: 8061406124353397962

30 dolemite99 the Magician (level 3, -1/28 HPs)
             Began as a Djinni Necromancer on Mar 9, 2023.
             Slain by a goblin
             ... wielding a +0 dagger
             ... led by Robin
              (4 damage)
             ... on level 2 of the Dungeon.
             The game lasted 00:01:32 (960 turns).

dolemite99 the Magician (Djinni Necromancer)         Turns: 960, Time: 00:01:33

Health: -1/28      AC:  2    Str:  7    XL:     3   Next: 37%
Gold:   139        EV: 12    Int: 18    God:
                   SH:  0    Dex: 13

rFire   + + .      SeeInvis .    k - +0 short sword
rCold   x . .      Faith    .    (no shield)
rNeg    . . .      Spirit   .    a - +0 robe
rPois   ∞          Reflect  .    (no helmet)
rElec   .          Rampage  .    (no cloak)
rCorr   .                        (no gloves)
Will    +....                    (boots unavailable)
Stlth   ++                       (no amulet)
HPRegen 0.24/turn                g - ring of willpower
MPRegen 0.00/turn                (no ring)

@: about to teleport, flying
A: sickness immunity, fire resistance 2, cold vulnerability 1, float, innate
caster, HP casting, extra vitality 1
a: no special abilities


You were on level 2 of the Dungeon.
You visited 1 branch of the dungeon, and saw 2 of its levels.

You collected 139 gold pieces.

Inventory:

Hand Weapons
 h - a +0 sling
 k - a +0 short sword (weapon)
Missiles
 m - 6 poisoned darts
Armour
 a - a +0 robe (worn)
Jewellery
 g - a ring of willpower (left hand)
 i - a +5 ring of evasion
Scrolls
 d - 2 scrolls of identify {@r1}
 o - 2 scrolls of amnesia
 p - a scroll of brand weapon {unknown}
Potions
 b - 4 potions of curing {unknown}
 c - a potion of flight {unknown}
 e - 2 potions of haste {unknown}
 j - 2 potions of degeneration {unknown}


   Skills:
 * Level 1.9 Fighting
 - Level 2.1 Dodging
 - Level 1.5 Stealth
 + Level 3.6 Spellcasting


You knew the following spells:

 Your Spells              Type           Power      Damage    Failure   Level
a - Necrotise             Necr           64%        1d7       3%          1
b - Vampiric Draining     Necr           16%        2d7       11%         3
c - Animate Dead          Necr           16%        N/A       34%         4
d - Agony                 Necr           16%        N/A       67%         5
e - Beastly Appendage     Tmut           32%        N/A       3%          1
Your spell library was empty.

Dungeon Overview and Level Annotations

Branches:
Dungeon (2/15)

Altars:
Dithmenos

Annotations:
D:2 Robin


Innate Abilities, Weirdness & Mutations

You are immune to sickness and miasma.
You are immune to poison.
Your flesh is very heat resistant. (rF++)
You are vulnerable to cold. (rC-)
You float through the air rather than walking.
You learn spells naturally, not from books.
Your magical power is your life essence.
You have superior vitality. (+4 MHP)


Message History

Robin throws the goblin at you! The goblin closely misses you.
Your goblin skeleton hits the goblin.
The goblin closely misses you.
As you read the scroll labelled ECKIGYUXOW, it crumbles to dust.
You hear a loud clanging noise!
It was a scroll of noise.
You hear a shout!
You hear an angry hiss.
Your goblin skeleton barely misses the goblin.
The goblin hits your goblin skeleton with a +0 club.
The goblin hits you but does no damage.
Your goblin skeleton hits the goblin.
As you read the scroll labelled IFEDUIC XAFYPN, it crumbles to dust.
You feel aware of your surroundings.
It was a scroll of magic mapping.
The goblin hits you but does no damage.
The goblin hits your goblin skeleton with a +0 club.
Your goblin skeleton is destroyed!
As you read the scroll labelled QUC KAYSUWN, it crumbles to dust.
It is a scroll of identify.
o - 2 scrolls of amnesia A goblin comes into view.
It is wielding a +0 dagger.
The goblin hits you but does no damage.
Robin roars a battlecry!
The goblins go into a battle-frenzy!
The goblin hits you with a +0 club.
As you read the scroll labelled TOUH ZOEFAY, it crumbles to dust.
You feel strangely unstable.
It was a scroll of teleportation.
The goblin barely misses you. The goblin completely misses you.
Robin throws the goblin at you! The goblin misses you.
The goblin hits you with a +0 dagger.
Okay, then.
You hit the goblin.
The goblin is moderately wounded.
Your goblin skeleton misses the goblin.
The goblin hits you with a +0 dagger. The goblin hits you with a +0 club.
* * * LOW HITPOINT WARNING * * *
A goblin comes into view. It is wielding a +0 club.
Robin throws the goblin at you!
* * * LOW HITPOINT WARNING * * *
The goblin hits you with a +0 club.
* * * LOW HITPOINT WARNING * * *
The goblin hits you with a +0 dagger.
You die...

...#.......##...#
........####..#.# ......###
#.##.# ....#..#####.##.#
#......##....##.#
....#...#.....######
.....>....#.....#..#
.(........#....g#..#
#............#.g@g.###***
.............#.gggZg.#,,*
..........######..g..#,,*
.#.......#*,,,,#..#.....#*****
.........###.#*#..#)..g...#,,*
...>......#..#*######.....#,,*
#...........###.* #.#..#g..,,*
#..........#...,* #.#..#,..,,*
##......>..#.#*** #.####**.,,*


You could see Robin, 8 goblins and a friendly goblin skeleton.

Vanquished Creatures
  An adder (D:2)
  A dart slug (D:2)
  2 ball pythons (D:2)
  A giant cockroach (D:1)
  2 goblins (D:2)
  2 hobgoblins (D:1)
  3 kobolds (D:1)
  A quokka (D:2)
  A bat (D:1)
  4 rats
18 creatures vanquished.

Vanquished Creatures (collateral kills)
  A quokka (D:1)
1 creature vanquished.

Grand Total: 19 creatures vanquished

Notes
Turn   | Place    | Note
-------+----------+-------------------------------------------
     0 | D:1      | dolemite99 the Djinni Necromancer began the quest for the
                  | Orb.
     0 | D:1      | dolemite99 set off with the following spells memorised:
                  | Necrotise, Vampiric Draining, Animate Dead, Agony.
     0 | D:1      | Reached XP level 1. HP: 15/15 MP: 0/0
    93 | D:1      | Reached XP level 2. HP: 21/22 MP: 0/0
   368 | D:1      | Reached skill level 1 in Fighting
   702 | D:2      | Found a shadowy altar of Dithmenos.
   927 | D:2      | Reached XP level 3. HP: 23/28 MP: 0/0
   927 | D:2      | Learned a level 1 spell: Beastly Appendage
   950 | D:2      | Noticed Robin
   960 | D:2      | Slain by a goblin

Illustrated notes

Levels and vault maps discovered:
D:1:      ebering_trefoil_3fold, layout_basic, minmay_vboxes
D:2:      layout_rooms, basic_altar, hangedman_decor_push,
          kennysheep_crisscross, uniq_robin

Skill      XL: |  1  2 |
---------------+-------+-----
Fighting       | 1 |  1.9
Dodging        | |  2.1
Stealth        | |  1.5
Spellcasting   | |  3.6

Action                     || total
---------------------------++-------
  Melee: Short sword       ||     1
   Cast: Necrotise         ||    37
    Use: Scroll            ||     4
 Armour: Robe              ||     9
  Dodge: Dodged            ||    24

Table legend: (Time is in decaauts)
 A = Elapsed time spent in this place.
 B = Non-inter-level travel time spent in this place.
 C = Inter-level travel time spent in this place.
 D = Time resting spent in this place.
 E = Time spent auto-exploring this place.
 F = Levels seen in this place.
 G = Mean time per level.
                   A        B        C        D        E       F      G
               +--------+--------+--------+--------+--------+-----+--------+
         Total |    958 |    946 |     12 |    136 |    605 |   2 |  479.0 |
       Dungeon |    958 |    946 |     12 |    136 |    605 |   2 |  479.0 |
               +--------+--------+--------+--------+--------+-----+--------+

Top non-repeatable levels by time:
     D:1: 557 daAuts
     D:2: 401 daAuts
